 Dungeon Crawl Stone Soup version 0.19-a0-523-g713c38e (webtiles) character file.

171 AlphabetPasta the Skirmisher (level 5, 0/47 HPs)
             Began as a Minotaur Abyssal Knight on June 7, 2016.
             Was a Believer of Lugonu.
             Slain by a gnoll
             ... wielding a +0 spear
              (4 damage)
             ... on level 2 of the Dungeon.
             The game lasted 00:05:53 (1967 turns).

AlphabetPasta the Skirmisher (MiAK)                 Turns: 1967, Time: 00:05:53

Health: 0/47       AC:  5    Str: 17    XL:     5   Next: 26%
Magic:  5/5        EV: 11    Int:  9    God:    Lugonu [**....]
Gold:   74         SH:  3    Dex: 10    Spells: 0 memorised, 4 levels left

rFire  . . .     SeeInvis .     a - +1 mace
rCold  . . .     Gourm    .     b - +0 leather armour
rNeg   . . .     Faith    .     v - +0 buckler
rPois  .         Spirit   .     (helmet restricted)
rElec  .         Dismiss  .     q - +0 cloak
rCorr  .         Reflect  .     (no gloves)
SustAt .         Harm     .     e - +0 pair of boots
MR     .....                    (no amulet)
Stlth  +.........               (no ring)
                                (no ring)

@: not resistant to hostile enchantments, very unstealthy
A: retaliatory headbutt, horns 2
a: Depart the Abyss, Bend Space, Renounce Religion


You were on level 2 of the Dungeon.
You worshipped Lugonu.
Lugonu was pleased with you.
You were not hungry.

You visited 1 branch of the dungeon, and saw 2 of its levels.
You visited the Abyss 1 time.

You collected 74 gold pieces.

Inventory:

Hand Weapons
 a - a +1 mace (weapon)
 p - a +2 mace of holy wrath
 r - a +1 mace of crushing
 s - a +1 mace of protection
 t - a +1 mace of crushing
Armour
 b - a +0 leather armour (worn)
 e - a +0 pair of boots (worn)
 q - a +0 cloak (worn)
 v - a +0 buckler (worn)
Scrolls
 d - a scroll of amnesia {unknown}
 f - a scroll of fear {unknown}
 g - 2 scrolls of remove curse {unknown}
 n - a scroll of teleportation {unknown}
Potions
 i - 2 potions of flight {unknown}
 k - a potion of invisibility {unknown}
 m - 2 potions of curing {unknown}
Comestibles
 c - a bread ration
 h - a meat ration
 j - 3 fruits
 o - a beef jerky
 u - a slice of pizza


   Skills:
 + Level 4.6 Fighting
 * Level 4.4 Maces & Flails
 + Level 3.0 Armour
 + Level 2.5 Dodging
 + Level 0.0 Shields
 + Level 2.5 Invocations


You had 4 spell levels left.
You didn't know any spells.

Dungeon Overview and Level Annotations

Branches:
Dungeon (2/15)

Altars:
Kikubaaqudgha


Innate Abilities, Weirdness & Mutations

You reflexively headbutt those who attack you in melee.
You have a pair of horns on your head.


Message History

The gnoll hits you with a spear. The gnoll barely misses you.
The gnoll hits you with a spear.
Your shield and leather armour prevent you from hitting the gnoll.
The gnoll is severely wounded.
The gnoll barely misses you. The gnoll hits you with a halberd.
You hit the gnoll but do no damage.
The gnoll is severely wounded.
The gnoll hits you with a spear. The gnoll hits you with a halberd.
* * * LOW HITPOINT WARNING * * *
You completely miss the gnoll. The gnoll hits you with a spear!
* * * LOW HITPOINT WARNING * * *
The gnoll closely misses you.
You hit the gnoll.
You headbutt the gnoll, but do no damage.
The gnoll is moderately wounded.
You block the gnoll's attack. The gnoll closely misses you.
You hit the gnoll but do no damage.
The gnoll is moderately wounded.
The gnoll hits you with a spear.
You die...

#.# #.# #>##)# #.#
#.# #.##g# #.#
#.#####(##K##..# #.#
#........#.##..# #.#
#######..#.##..## #.#
######..#(# ...#
#.####........g###g.#
#............##g##..#
.......#####.#.#@#..#
######## #..###g.<# #
#.#.#.##.# #
#.##.###.# # #.##.#
#.# # #.##.# #.# #
#.##.# #.# # #.##.#
#.# #### #.##.# #.#


You could see 3 gnolls.

Vanquished Creatures
  2 vampire bats (D:2)
  Crazy Yiuf (D:2)
  A gnoll (D:2)
  An adder (D:2)
  A worm (D:2)
  3 bats (D:1)
  3 bat skeletons (D:2)
  3 bat zombies (D:2)
  2 giant cockroaches (D:1)
  A goblin (D:2)
  7 hobgoblins
  3 jackals (D:1)
  2 giant newts (D:1)
  9 kobolds
  10 rats
49 creatures vanquished.

Notes
Turn   | Place    | Note
--------------------------------------------------------------
     0 | Abyss:1  | AlphabetPasta the Minotaur Abyssal Knight began the quest for the Orb.
     0 | Abyss:1  | Reached XP level 1. HP: 19/19 MP: 1/1
    71 | Abyss:1  | Noticed a small abomination
    76 | D:1      | Escaped the Abyss
   435 | D:1      | Reached * piety under Lugonu
   435 | D:1      | Reached XP level 2. HP: 26/27 MP: 2/2
  1313 | D:2      | Reached XP level 3. HP: 33/33 MP: 3/3
  1329 | D:2      | Found an ancient bone altar of Kikubaaqudgha.
  1338 | D:2      | Reached XP level 4. HP: 27/41 MP: 4/4
  1432 | D:2      | Reached ** piety under Lugonu
  1457 | D:2      | Noticed Crazy Yiuf
  1464 | D:2      | Killed Crazy Yiuf
  1464 | D:2      | Reached XP level 5. HP: 31/47 MP: 5/5
  1967 | D:2      | Slain by a gnoll

Vault maps used:
D:1:      saegor_arrival_simple_e
D:2:      kennysheep_vampire_church, kennysheep_generic_room_3,
          uniq_crazy_yiuf_cottage
Abyss:1:  minivault_25

Skill      XL: |  1  2  3  4 |
---------------+-------------+-----
Fighting       | 4 |  4.6
Maces & Flails | 3 4 |  4.4
Invocations    | 2 |  2.5
Armour         | 3 |  3.0
Dodging        | 2 |  2.5

Action                   |  1- 3 |  4- 6 || total
-------------------------+-------+-------++-------
Melee: Mace              |    59 |    45 ||   104
       Headbutt          |     7 |     3 ||    10
Invok: Depart the Abyss  |     1 |       ||     1
 Stab: Invisible         |       |     1 ||     1
  Eat: Chunk             |     1 |     2 ||     3
Armor: Leather armour    |    17 |    11 ||    28
Dodge: Dodged            |    59 |    33 ||    92
Block: Buckler           |       |     6 ||     6
